 Dungeon Crawl Stone Soup version 0.27.1-4-g1640c2035a (webtiles) character file.

Game seed: 17471884662059050239

200 coldcut the Ruffian (level 5, -3/53 HPs)
             Began as a Troll Berserker on Nov 3, 2021.
             Was a Believer of Trog.
             Slain by a hound (4 damage)
             ... on level 4 of the Dungeon.
             The game lasted 00:12:07 (1745 turns).

coldcut the Ruffian (Troll Berserker)               Turns: 1745, Time: 00:12:07

Health: -3/53      AC:  4    Str: 26    XL:     5   Next: 49%
Magic:  3/3        EV: 10    Int:  1    God:    Trog [**....]
Gold:   95         SH:  0    Dex:  9    Spells: 4/4 levels left

rFire    . . .     SeeInvis .     - Unarmed
rCold    . . .     Faith    .   (no shield)
rNeg     . . .     Spirit   .   a - +0 animal skin
rPois    .         Reflect  .   (helmet restricted)
rElec    .         Harm     .   (no cloak)
rCorr    .         Rampage  .   (gloves unavailable)
Will     +....                  (boots unavailable)
Stlth    +.........             (no amulet)
HPRegen  2.17/turn              (no ring)
MPRegen  0.08/turn              (no ring)

@: lethally poisoned (-3 -> -4), weak-willed, strong-willed, on berserk
cooldown, attractive, regenerating, slowed, very slow
A: large, unfitting armour, claws 3, regeneration 1, shaggy fur 1, tough skin 1,
dopey 1, low mp 1
a: Renounce Religion, Berserk, Trog's Hand


You were on level 4 of the Dungeon.
You worshipped Trog.
Trog was pleased with you.
You visited 1 branch of the dungeon, and saw 4 of its levels.

You collected 95 gold pieces.

Inventory:

Armour
 a - a +0 animal skin (worn)
 k - a +0 leather armour
Scrolls
 b - a scroll of summoning {unknown}
 c - a scroll of noise {unknown}
 e - a scroll of enchant armour {unknown}
 f - 2 scrolls of identify {unknown}
 j - 2 scrolls of fog {unknown}
 l - a scroll of holy word {unknown}
Potions
 m - a potion of curing


   Skills:
 + Level 3.1 Fighting
 + Level 3.3 Dodging
 + Level 5.1 Unarmed Combat


You had 4 spell levels left.
You didn't know any spells.
Your spell library contained the following spells:

 Spells                   Type           Power      Damage    Failure   Level
 Blink                    Tloc           N/A        N/A       71%         2
 Manifold Assault         Tloc           0%         N/A       100%        5
 Storm Form               Tmut/Air       0%         N/A       100%        7


Dungeon Overview and Level Annotations

Branches:
Dungeon (4/15)
 Temple: D:4-7

Altars:
Kikubaaqudgha


Innate Abilities, Weirdness & Mutations

You are too large for most types of armour.
You have claws for hands.
Your natural rate of healing is unusually fast.
You are covered in fur. (AC +1)
You have tough skin. (AC +1)
You are dopey. (Int -2)
Your magical capacity is low. (-10% MP)


Message History

The orc closely misses you. The hound bites you.
* * * LOW HITPOINT WARNING * * *
Unknown command.
It was a potion of heal wounds.
You feel much better.
You feel very sick. The orc hits you with a +0 whip. The adder bites you.
You are more poisoned.
The adder poisons you! The hound closely misses you.
The orc hits you but does no damage. x2; The orc misses you.
The orc closely misses you. The adder closely misses you.
The orc hits you with a +0 hand axe. The hound bites you.
* * * LOW HITPOINT WARNING * * *
It was a potion of curing.
You feel better. The adder completely misses you. The hound closely misses you.
The orc hits you with a +0 flail. The orc hits you but does no damage.
The orc hits you with a +0 whip. The orc barely misses you.
The adder bites you.
You are poisoned.
The adder poisons you! The hound bites you but does no damage.
The orc hits you but does no damage. The orc misses you.
It was a potion of mutation.
You feel extremely strange.
You feel stupid.
You feel less energetic.
You feel sick. The hound barely misses you. The adder closely misses you.
The orc hits you with a +0 whip. The orc hits you with a +0 hand axe.
The orc hits you with a +0 flail!
* * * LOW HITPOINT WARNING * * *
The hound bites you.
* * * LOW HITPOINT WARNING * * *
The orc barely misses you. The orc hits you with a +0 whip.
* * * LOW HITPOINT WARNING * * *
The adder barely misses you. The orc barely misses you.
It was a potion of attraction.
You feel attractive to monsters.
You feel sick. The hound bites you.
* * * LOW HITPOINT WARNING * * *
The orc hits you but does no damage. The adder bites you.
* * * LOW HITPOINT WARNING * * *
The orc hits you with a +0 dagger.
* * * LOW HITPOINT WARNING * * *
The hound bites you.
You die...

#.# .... ###.
.... #...##.$..
#....... #..#...
#....# ### #.oS.#
.... #
##.@o.###..#.
...#.ooh.....?..
............#.#.
#...###..†.......
##. ##)).###.## #
##.## # ... ##.##
...


You could see a hound (weak-willed), an adder (weak-willed) and 4 orcs.

Vanquished Creatures
  Purgy (D:3)
  An iguana (D:4)
  An adder (D:4)
  A worm (D:3)
  6 orcs
  3 bats
  6 endoplasms
  12 goblins
  9 hobgoblins
  3 quokkas
  2 ball pythons
  A frilled lizard (D:2)
  A kobold (D:1)
  7 rats
54 creatures vanquished.

Vanquished Creatures (others)
  4 fungi (D:1)
  2 plants (D:1)
6 creatures vanquished.

Grand Total: 60 creatures vanquished

Notes
Turn   | Place    | Note
-------+----------+-------------------------------------------
     0 | D:1      | coldcut the Troll Berserker began the quest for the Orb.
     0 | D:1      | Reached XP level 1. HP: 22/22 MP: 0/0
   231 | D:1      | Reached XP level 2. HP: 29/29 MP: 1/1
   245 | D:1      | Found a faded altar of an unknown god.
   565 | D:2      | Reached XP level 3. HP: 36/36 MP: 2/2
   639 | D:2      | Reached ** piety under Trog
   792 | D:3      | Found an ancient bone altar of Kikubaaqudgha.
  1055 | D:3      | Noticed Purgy
  1076 | D:3      | Killed Purgy
  1077 | D:3      | Reached skill level 4 in Unarmed Combat
  1077 | D:3      | Reached XP level 4. HP: 8/45 MP: 3/3
  1077 | D:3      | Reached XP level 5. HP: 9/53 MP: 4/4
  1724 | D:4      | Reached skill level 5 in Unarmed Combat
  1741 | D:4      | HP: 1/53 [hound (2)]
  1744 | D:4      | Gained mutation: You are dopey. (Int -2) [potion of
                  | mutation]
  1744 | D:4      | Gained mutation: Your magical capacity is low. (-10% MP)
                  | [potion of mutation]
  1745 | D:4      | Slain by a hound

Illustrated notes

Levels and vault maps discovered:
D:1:      saegor_arrival_simple_c, layout_loops_cross,
          shapermc_ecumenical_altar_mp_ritualfount
D:2:      cheibrodos_greedy_goblins, layout_rooms
D:3:      layout_basic, kiku_gazebo_pond_becter, kennysheep_boxes, uniq_purgy
D:4:      layout_loops_ring, marbit_many_paths

Skill      XL: |  1  2  3  4  5 |
---------------+----------------+-----
Fighting       | 3 |  3.1
Dodging        | 3 |  3.3
Unarmed Combat | 4 5 |  5.1

Action                   |  1- 3 |  4- 6 || total
-------------------------+-------+-------++-------
Melee: Unarmed           |   127 |    25 ||   152
       Punch             |     3 |     1 ||     4
Invok: Berserk           |     2 |     1 ||     3
       Trog's Hand       |       |     1 ||     1
  Use: Potion            |       |     4 ||     4
       Scroll            |       |     1 ||     1
Armor: Animal skin       |    59 |    15 ||    74
Dodge: Dodged            |    70 |    29 ||    99
